 Dungeon Crawl Stone Soup version 0.29.1-2-gbd0b4ee654 (webtiles) character file.

Game seed: 17463115344791921434

135 DemonSlayer the Firebug (level 4, -1/30 HPs)
             Began as a Demonspawn Fire Elementalist on Nov 6, 2022.
             Slain by an orc priest
             ... wielding a +0 club
              (2 damage)
             ... on level 4 of the Dungeon.
             The game lasted 00:04:54 (3391 turns).

DemonSlayer the Firebug (DsFE)                      Turns: 3391, Time: 00:04:55

Health: -1/30      AC:  2    Str:  6 (8)  XL:     4   Next: 96%
Magic:  3/8        EV: 12    Int: 16 (19) God:
Gold:   53         SH:  0    Dex: 12 (13) Spells: 2/8 levels left

rFire   . . .      SeeInvis .   f - +3 dagger
rCold   . . .      Faith    .   (no shield)
rNeg    . . .      Spirit   .   a - +0 robe
rPois   .          Reflect  .   (no helmet)
rElec   .          Harm     .   (no cloak)
rCorr   .          Rampage  .   (no gloves)
Will    .....                   (no boots)
Stlth   ++........              (no amulet)
HPRegen 0.10/turn               e - +4 ring of slaying
MPRegen 0.11/turn               (no ring)

@: very slightly contaminated
A: foul stench 2
a: no special abilities


You were on level 4 of the Dungeon.
You visited 1 branch of the dungeon, and saw 4 of its levels.

You collected 53 gold pieces.

Inventory:

Hand Weapons
 f - a +3 dagger (weapon)
Armour
 a - a +0 robe (worn)
Jewellery
 e - a +4 ring of slaying (left hand)


   Skills:
 + Level 0.1 Fighting
 + Level 2.2 Dodging
 + Level 2.0 Stealth
 + Level 2.9 Spellcasting
 + Level 1.4 Conjurations
 + Level 4.2 Fire Magic


You had 2 spell levels left.
You knew the following spells:

 Your Spells              Type           Power      Damage    Failure   Level
a - Foxfire               Conj/Fire      44%        2x1d6     6%          1
b - Scorch                Fire           30%        2d6       4%          2
c - Conjure Flame         Conj/Fire      11%        6-21      19%         3

Your spell library contained the following spells:

 Spells                   Type           Power      Damage    Failure   Level
 Sting                    Tmut/Pois      8%         1d3       19%         1
 Poisonous Vapours        Pois/Air       4%         N/A       28%         2
 Inner Flame              Hex/Fire       9%         N/A       24%         3
 Flame Wave               Conj/Fire      11%        2d6       52%         4
 Olgreb's Toxic Radiance  Pois           2%         N/A       88%         4


Dungeon Overview and Level Annotations

Branches:
Dungeon (4/15)
 Temple: D:4-7

Altars:

Shops:
D:4 *


Innate Abilities, Weirdness & Mutations

You sometimes emit foul miasma when damaged in melee.


Message History

Unknown command.
You closely miss the orc wizard.
The foxfire hits the orc priest.
You kill the orc priest!
The foxfire hits the orc wizard.
The orc wizard is lightly wounded.
The orc wizard hits you with a +0 dagger.
Your Fire Magic skill increases to level 4!
It was a potion of degeneration.
There was something very wrong with that liquid.
You feel weakened.
You feel dopey.
You feel clumsy. The orc wizard closely misses you.
It was a potion of curing.
You feel better.
The orc wizard hits you with a +0 dagger.
You aren't carrying any scrolls.
You closely miss the orc wizard.
The orc wizard is lightly wounded.
The orc priest closely misses you.
The orc wizard hits you with a +0 dagger.
You are too injured to fight recklessly!
You hit the orc wizard.
The orc wizard is heavily wounded.
The orc priest looks encouraged for a moment.
The orc wizard barely misses you.
You hit the orc wizard but do no damage.
The orc wizard is heavily wounded.
The orc priest misses you.
The orc wizard gestures at you while chanting.
The magic dart hits you!
* * * LOW HITPOINT WARNING * * *
You miss the orc wizard. You punch the orc wizard.
The orc wizard is heavily wounded.
The orc priest hits you with a +0 club.
* * * LOW HITPOINT WARNING * * *
You emit a cloud of foul miasma!
The orc wizard hits you but does no damage.
You completely miss the orc wizard.
The orc wizard is heavily wounded.
The orc priest is engulfed in dark miasma.
The orc priest is poisoned.
The orc priest hits you with a +0 club.
You die...

#...........
###......$....
#.............
#............#
#............#
#..........#..
#.....oo..#...
#.....@.......
#.............
#.#.##........ ..
#.#............ #.
#.#.....#.###..) ..#.
#...............##.#.#.
#............. ....#.#.
#............. ...#.#.
#.#.......##.###+#...#.


You could see an orc priest (poisoned) and an orc wizard.

Vanquished Creatures
  A jelly (D:2)
  An orc priest (D:4)
  2 gnolls (D:2)
  2 adders
  A worm (D:3)
  2 dart slugs
  An orc (D:3)
  2 ball pythons
  2 endoplasms
  3 giant cockroaches (D:3)
  3 goblins (D:3)
  2 hobgoblins (D:3)
  A quokka (D:4)
  4 bats (D:3)
  A kobold (D:4)
  4 rats
32 creatures vanquished.

Vanquished Creatures (others)
  48 foxfires
48 creatures vanquished.

Grand Total: 80 creatures vanquished

Notes
Turn   | Place    | Note
-------+----------+-------------------------------------------
     0 | D:1      | DemonSlayer the Demonspawn Fire Elementalist began the
                  | quest for the Orb.
     0 | D:1      | Reached XP level 1. HP: 13/13 MP: 3/3
    50 | D:1      | You fall into a shaft and drop 1 floor!
   625 | D:2      | Noticed a jelly
   628 | D:2      | Reached skill level 3 in Fire Magic
   628 | D:2      | Gained mutation: You may rarely emit foul miasma when
                  | damaged in melee. [demonic ancestry]
   628 | D:2      | Reached XP level 2. HP: 19/19 MP: 1/5
   630 | D:2      | Gained mutation: You sometimes emit foul miasma when
                  | damaged in melee. [demonic ancestry]
   630 | D:2      | Reached XP level 3. HP: 18/24 MP: 0/6
  1045 | D:3      | Learned a level 2 spell: Scorch
  1049 | D:3      | Learned a level 3 spell: Conjure Flame
  1312 | D:3      | Reached XP level 4. HP: 30/30 MP: 0/7
  3177 | D:4      | Found Caebex's General Store.
  3385 | D:4      | Reached skill level 4 in Fire Magic
  3390 | D:4      | HP: 1/30 [orc priest/+0 club (3)]
  3391 | D:4      | Slain by an orc priest

Illustrated notes

Levels and vault maps discovered:
D:1:      minmay_arrival_arboretum_small, layout_loops_ring,
          shapermc_ecumenical_altar_mp_urbaneastern, grunt_decor_resistance,
          bh_walls_and_bars
D:2:      layout_basic, minmay_stone_trees_small
D:3:      layout_loops_corners
D:4:      layout_basic, serial_shops, nicolae_shop_waterfront,
          chequers_serial_rivers_micro_c

Skill      XL: |  1  2  3  4 |
---------------+-------------+-----
Fire Magic     | 3 4 |  4.2
Dodging        | 2 |  2.2
Stealth        | 2 |  2.0
Fighting       | |  0.1
Spellcasting   | |  2.9
Conjurations   | |  1.4

Action                   |  1- 3 |  4- 6 || total
-------------------------+-------+-------++-------
Melee: Unarmed           |    10 |     9 ||    19
       Dagger            |       |    11 ||    11
       Punch             |       |     1 ||     1
 Cast: Foxfire           |    20 |     7 ||    27
       Scorch            |     5 |    21 ||    26
  Use: Potion            |     1 |     3 ||     4
 Stab: Sleeping          |       |     1 ||     1
Armor: Robe              |     5 |     3 ||     8
Dodge: Dodged            |    20 |    19 ||    39
